Zazza, neutral female human Tourist ---.-- -%...| |.>..| |....| |.Wa.| |.f.@| |....| ------ Zazza the Rambler Experience level: 1 Strength: 10 Dexterity: 11 Constitution: 16 Intelligence: 14 Wisdom: 8 Charisma: 18 Health: 0(10) Energy: 2(2) Def: 1 Gold: 143 Moves: 2803 Dungeon seed: TiWLfsQFIPK3D3R8 Game ID: Zazza_1601552503 Your Inventory: Coins $ - 143 gold pieces Weapons a - 40 +2 darts S - a +0 orcish dagger (weapon in hand) Armor n - an uncursed +0 orcish helm (being worn) Comestibles c - 2 uncursed eggs r - 2 uncursed eggs T - 2 uncursed lichen corpses Potions l - a blessed potion of extra healing Wands R - a wand of secret door detection (0:10) Tools p - an uncursed credit card q - an uncursed towel s - an uncursed magic whistle z - an uncursed bag of holding L - a magic marker (0:56) Contents of the bag of holding: 865 gold pieces a +0 spear an uncursed +0 Hawaiian shirt a blessed +1 pair of gauntlets of power an uncursed clove of garlic an uncursed food ration an uncursed melon an uncursed scroll of identify a blessed scroll of magic mapping a blessed scroll of stinking cloud an uncursed scroll of stinking cloud an uncursed potion of extra healing a cursed potion of gain energy an uncursed potion of monster detection an uncursed potion of sleeping an uncursed magic whistle 11 uncursed rocks 2 uncursed worthless pieces of orange glass an uncursed worthless piece of violet glass an uncursed worthless piece of yellow glass Spells and supernatural/magical abilities: Name Level Category Fail Memory h - healing 1 healing 49% 88% W - pray for help -- divine ? -- Your skills at the end: Fighting Skills Weapon Skills dart [Basic] Spellcasting Skills Final Attributes: You were stridently aligned. You were lucky. You are dead. Vanquished creatures: an acid blob a brown mold a green mold a gnome zombie 2 geckos 9 jackals 3 kobolds 2 goblins 4 grid bugs 7 lichens 6 newts 37 creatures vanquished. Voluntary challenges: You used a wielded weapon 2 times, starting on turn 1708. You read items or engraved 10 times, starting on turn 307. You never genocided any monsters. You never polymorphed an object. You never changed form. You used no wishes. You never split a pudding. You wrote Elbereth's name 4 times, starting on turn 1504. You never violated your personal moral code. Dungeon overview: The Dungeons of Doom: levels 1 to 7 Level 1 some altars to The Lady and Offler, some fountains a long staircase Level 2 a hardware shop, an altar to Blind Io, a fountain, a sink Level 3 a weapon shop Level 4 stairs to The Gnomish Mines Level 5 Level 7 <- You were here The Gnomish Mines: Level 5 stairs to The Dungeons of Doom History has recorded: On T:1 you entered the Dungeons of Doom to retrieve the Amulet of Yendor! On T:373 you reached level 2 of The Dungeons of Doom. On T:1840 you reached level 3 of The Dungeons of Doom. On T:2312 you reached level 4 of The Dungeons of Doom. On T:2430 you reached level 1 of The Gnomish Mines. On T:2695 you reached level 5 of The Dungeons of Doom. On T:2792 you reached level 7 of The Dungeons of Doom. Score breakdown: Gold: 747 ( 9776 points) Experience: 1 level ( 0 points) Exploration: 7 levels ( 14.29%) (10606 points) Discoveries: 14 items ( 4.70%) ( 6502 points) Valuables value: (no points given unless you survive) Artifact value: 0 ( 0 points) Variety of kills: 11 monsters ( 2.89%) ( 5097 points) Turncount: 2803 turns ( -499 points) Survival: died (score multiplied by 80%) Total score: 25185 Latest messages: Armand devours an uncursed tripe ration. Armand misses Zazza's ghost. You write in the dust with your fingers. The giant ant turns to flee! Something is written here in the dust. You read: "Elbereth". You see no objects here. c - 2 uncursed eggs. r - 2 uncursed eggs. Armand misses the giant ant. (2x) You displace Armand. The giant ant bites! You write in the dust with your fingers. Armand misses Zazza's ghost. The giant ant bites! You die... Final status: Aloha Zazza the Tourist, killed by a giant ant... You died in The Dungeons of Doom on dungeon level 7 with 25185 points, and 1008 pieces of gold, after 2803 moves. You were level 1 with a maximum of 10 hit points when you died.